 Dungeon Crawl Stone Soup version 0.25.0-46-gbd7b0854d2 (webtiles) character file.

Game seed: 2441631222739681913

13549 protoss039 the Eclecticist (level 11, -5/61 HPs)
             Began as a Deep Elf Earth Elementalist on July 14, 2020.
             Was an Elder of Vehumet.
             Killed from afar by a frost giant (24 damage)
             ... with a bolt of cold
             ... in an ice cave.
             The game lasted 00:44:48 (14438 turns).

protoss039 the Eclecticist (DEEE)                  Turns: 14438, Time: 00:44:50

Health: -5/61      AC:  7    Str:  5    XL:     11   Next: 77%
Magic:  11/32      EV: 12    Int: 24    God:    Vehumet [****..]
Gold:   588        SH:  0    Dex: 15    Spells: 26/41 levels left

rFire    . . .     SeeInvis .   t - +3 dagger (chaos)
rCold    . . .     Gourm    .   (no shield)
rNeg     . . .     Faith    .   g - +2 leather armour {rPois}
rPois    +         Spirit   .   (no helmet)
rElec    .         Reflect  .   (no cloak)
rCorr    .         Harm     .   u - +1 pair of gloves
MR       +....                  (no boots)
Stlth    ++........             (no amulet)
HPRegen  0.20/turn              (no ring)
MPRegen  0.23/turn              (no ring)

@: no status effects
A: no striking features
a: Renounce Religion


You were in an ice cave.
You worshipped Vehumet.
Vehumet was greatly pleased with you.
You were not hungry.

You visited 2 branches of the dungeon, and saw 12 of its levels.
You also visited: Sewer and Ice Cave.

You collected 588 gold pieces.

Inventory:

Hand Weapons
 t - a +3 dagger of chaos (weapon)
Missiles
 m - 103 stones (quivered)
Armour
 g - a +2 leather armour of poison resistance (worn)
 u - a +1 pair of gloves (worn)
 x - the +8 chain mail "Ihiffagi" {rElec rC+ rCorr}
   (You took it off an orc warrior on level 8 of the Dungeon)

   It protects you from cold.
   It insulates you from electricity.
   It provides partial protection from all sources of acid and corrosion.
Wands
 e - a wand of polymorph (7)
 j - a wand of iceblast (27)
 y - a wand of flame (19)
 z - a wand of paralysis (5)
 C - a wand of disintegration (14)
Scrolls
 b - 2 scrolls of enchant weapon
 c - 6 scrolls of identify
 f - 8 scrolls of remove curse
 h - a scroll of blinking
 i - 3 scrolls of teleportation
 k - a scroll of fear
 o - 2 scrolls of amnesia
 p - a scroll of magic mapping
 q - a scroll of enchant armour
 r - a scroll of immolation
 s - 3 scrolls of fog
Potions
 a - a potion of flight
 l - 2 potions of magic
 n - 2 potions of stabbing
 v - a potion of might
 w - a potion of heal wounds
 B - a potion of brilliance
 D - a potion of curing
Comestibles
 d - 17 rations
 A - 2 chunks of flesh


   Skills:
 - Level 4.0 Fighting
 - Level 1.0 Short Blades
 - Level 4.0 Armour
 - Level 3.0 Dodging
 - Level 3.0 Stealth
 + Level 15.9 Spellcasting
 - Level 6.0 Conjurations
 - Level 1.1 Transmutations
 - Level 12.0 Earth Magic


You had 26 spell levels left.
You knew the following spells:

 Your Spells              Type           Power        Failure   Level  Hunger
a - Sandblast             Erth           ######       1%          1    None
b - Passwall              Tmut/Erth      ######..     1%          2    None
c - Stone Arrow           Conj/Erth      ######       1%          3    None
d - Petrify               Tmut/Erth      ######..     3%          4    None
e - Lee's Rapid Deconstr  Erth           ######....   1%          5    #......

Your spell library contained the following spells:

 Spells                   Type           Power        Failure   Level  Hunger
 Iskenderun's Mystic Bla  Conj/Tloc      ####....     3%          4    None
 Leda's Liquefaction      Hex/Erth       #####.....   3%          4    None
 Corona                   Hex            ###....      4%          1    None
 Inner Flame              Hex/Fire       ###.....     4%          3    None
 Slow                     Hex            ###.....     7%          2    None
 Portal Projectile        Hex/Tloc       ###...       14%         3    None
 Cause Fear               Hex            ###.......   41%         4    None


Dungeon Overview and Level Annotations

Branches:
Dungeon (11/15)            Temple (1/1) D:6            Lair (0/6) D:10
  Sewer (visited)           IceCv (1/1)
    Orc: D:9-12

Altars:
Ashenzari
Cheibriados
Dithmenos
Elyvilon
Fedhas
Gozag
Hepliaklqana
Kikubaaqudgha
Makhleb
Nemelex Xobeh
Okawaru
Qazlal
Ru
Sif Muna
Trog
Uskayaw
Vehumet
Wu Jian
Xom
Yredelemnul
Zin
The Shining One

Shops:
D:4 *   D:5 }   D:9 *

Annotations:
D:4 1 exclusion
D:9 1 exclusion


Message History

Press: ? - help, Dir - move target cursor An ice covered rock wall.
The wall shatters!
The blast of rock fragments hits the frost giant!
The frost giant is severely wounded.
The frost giant hits you with a +2 battleaxe of freezing!!
The frost giant freezes you!
Unknown command.
Casting: Lee's Rapid Deconstruction (dangerous; 1% risk of failure)
Confirm with . or Enter, or press ? or * to list all spells.
Aiming: Lee's Rapid Deconstruction (dangerous; 1% risk of failure)
Press: ? - help, Dir - move target cursor An ice covered rock wall.
The wall shatters!
The blast of rock fragments hits the frost giant!
The frost giant is almost dead.
You hear an angry growl.
You hear an angry hiss.
The frost giant casts a spell at you. The bolt of cold hits you!!
You die...

≈≈≈≈≈≈≈####..
≈≈≈≈≈≈≈≈≈###.
#≈≈#≈≈≈≈ ### #
#####≈≈≈####≈≈
#.
###...##≈≈≈#≈≈##


.CY ##..##..≈#≈≈≈≈## .hhh #..#####.≈≈#≈≈≈## #khhh ########..# #######≈≈≈
#Y..##...##@..#..# ##≈≈ #.C.##..C####### ## ########## You could see a frost
giant.

Vanquished Creatures
  Harold (D:8)
  A two-headed ogre (D:10)
  An ice statue (IceCv)
  3 rime drakes
  11 polar bears
  Grinder (D:5)
  A hippogriff (D:10)
  A vampire (D:10)
  A spriggan (D:8)
  15 yaks
  Edmund (D:6)
  4 ice beasts
  4 orc warriors
  A black bear (D:9)
  4 phantoms
  14 wolves
  A necrophage (D:9)
  5 ogres
  3 centaurs
  A big kobold (Sewer)
  8 bullfrogs
  A scorpion (D:10)
  7 killer bees
  7 wights (D:8)
  2 electric eels (D:8)
  3 crimson imps
  4 howler monkeys
  A wyvern simulacrum (D:8)
  3 jellies
  2 bullfrog skeletons
  4 orc priests
  A centaur skeleton (D:3)
  4 hounds
  9 orc wizards
  An iguana (D:5)
  Ijyb (D:3)
  Terence (D:2)
  5 worker ants
  2 killer bee zombies
  A centaur simulacrum (D:8)
  A killer bee simulacrum (D:8)
  4 gnolls (D:5)
  17 adders
  2 river rats (D:5)
  A hound simulacrum (D:8)
  4 shadow imps
  6 white imps (D:8)
  A worker ant simulacrum (D:8)
  An ufetubus (D:8)
  An ooze (D:1)
  2 adder skeletons
  6 worms
  3 dart slugs (D:2)
  An adder simulacrum (D:8)
  2 leopard geckos
  31 orcs
  A ball python (D:2)
  12 giant cockroaches
  8 goblins
  8 hobgoblins
  6 jackals
  5 quokkas
  5 bats
  4 frilled lizards
  8 kobolds
  A leopard gecko skeleton (D:2)
  11 rats
293 creatures vanquished.

Notes
Turn   | Place    | Note
-------+----------+-------------------------------------------
     0 | D:1      | protoss039 the Deep Elf Earth Elementalist began the quest
                  | for the Orb.
     0 | D:1      | Reached XP level 1. HP: 10/10 MP: 6/6
   300 | D:1      | Reached XP level 2. HP: 15/15 MP: 8/8
  1040 | D:2      | Reached XP level 3. HP: 19/19 MP: 7/9
  1133 | D:2      | Noticed Terence
  1161 | D:1      | Learned a level 2 spell: Passwall
  1165 | D:1      | Learned a level 3 spell: Stone Arrow
  1348 | D:2      | Reached skill level 4 in Spellcasting
  1560 | D:2      | Reached XP level 4. HP: 24/24 MP: 9/12
  1811 | D:2      | Found a blossoming altar of Fedhas.
  2498 | D:2      | Killed Terence
  2625 | D:2      | Reached skill level 5 in Spellcasting
  2625 | D:2      | Reached XP level 5. HP: 28/28 MP: 9/14
  2839 | D:3      | Noticed Ijyb
  2891 | D:3      | HP: 2/42 [Ijyb (3)]
  2902 | D:3      | Killed Ijyb
  3267 | D:3      | Noticed a moth of wrath
  3278 | D:3      | Reached skill level 1 in Conjurations
  3302 | D:3      | Reached skill level 5 in Earth Magic
  3537 | D:3      | Found a bloodstained altar of Trog.
  3547 | D:3      | Learned a level 4 spell: Petrify
  3629 | D:3      | Reached skill level 1 in Short Blades
  3908 | D:4      | Reached XP level 6. HP: 32/32 MP: 14/16
  3956 | D:4      | Found Gufir's Assorted Antiques.
  4080 | D:4      | Reached skill level 1 in Armour
  4080 | D:4      | Reached skill level 6 in Spellcasting
  4495 | D:4      | Reached XP level 7. HP: 27/36 MP: 6/18
  4719 | D:4      | Found a shimmering altar of Xom.
  4926 | D:5      | Entered Level 5 of the Dungeon
  5014 | D:5      | Reached skill level 7 in Spellcasting
  5197 | D:5      | Found a glowing drain.
  5243 | Sewer    | Entered a sewer
  5547 | Sewer    | Reached XP level 8. HP: 33/41 MP: 8/21
  5635 | Sewer    | Found a white marble altar of Elyvilon.
  5724 | D:5      | Noticed Grinder
  5724 | D:5      | Paralysed by Grinder for 6 turns
  5733 | D:5      | Killed Grinder
  5733 | D:5      | Reached skill level 8 in Spellcasting
  5930 | D:5      | HP: 2/41 [orc wizard/puff of frost (13)]
  6238 | D:5      | Found Ruiweway's Gadget Shoppe.
  6408 | D:6      | Reached skill level 9 in Spellcasting
  6637 | D:6      | Noticed Edmund
  6677 | D:6      | Killed Edmund
  7034 | D:6      | Found a staircase to the Ecumenical Temple.
  7080 | Temple   | Entered the Ecumenical Temple
  7168 | Temple   | Became a worshipper of Vehumet
  7657 | D:7      | Learned a level 5 spell: Lee's Rapid Deconstruction
  7795 | D:7      | Found a shimmering blue altar of Sif Muna.
  7799 | D:7      | Found a shattered altar of Ashenzari.
  7799 | D:7      | Found a sparkling altar of Nemelex Xobeh.
  7799 | D:7      | Found a sacrificial altar of Ru.
  7801 | D:7      | Reached XP level 9. HP: 45/45 MP: 14/24
  7941 | D:7      | Found a glowing golden altar of the Shining One.
  7941 | D:7      | Found an ancient bone altar of Kikubaaqudgha.
  8492 | D:8      | Reached skill level 10 in Spellcasting
  8826 | D:8      | Reached skill level 1 in Fighting
  8916 | D:8      | Noticed a polar bear
  8930 | D:8      | Killed a polar bear
  9116 | D:8      | Reached * piety under Vehumet
  9116 | D:8      | Offered knowledge of Shock by Vehumet.
  9153 | D:8      | Identified the +8 chain mail "Ihiffagi" {rElec rC+ rCorr}
  9555 | D:8      | Noticed Harold
  9669 | D:7      | HP: 1/48 [ice beast (6)]
  9929 | D:8      | Reached skill level 11 in Spellcasting
  9933 | D:8      | Killed Harold
  9933 | D:8      | Reached XP level 10. HP: 55/55 MP: 0/27
 10807 | D:8      | Reached skill level 12 in Spellcasting
 10813 | D:8      | Offered knowledge of Foxfire by Vehumet.
 10820 | D:8      | Reached ** piety under Vehumet
 10962 | D:8      | Reached skill level 10 in Earth Magic
 11344 | D:9      | Found a sacrificial altar of Ru.
 11494 | D:9      | Found Leum's Assorted Antiques.
 11537 | D:9      | Found a radiant altar of Vehumet.
 11552 | D:9      | Reached skill level 5 in Conjurations
 12116 | D:9      | Offered knowledge of Dazzling Flash by Vehumet.
 12242 | D:10     | Entered Level 10 of the Dungeon
 12242 | D:10     | Noticed a two-headed ogre
 12326 | D:10     | Reached skill level 13 in Spellcasting
 12498 | D:10     | Reached *** piety under Vehumet
 12532 | D:10     | Killed a two-headed ogre
 12709 | D:10     | Found a staircase to the Lair.
 12811 | D:10     | Reached XP level 11. HP: 50/61 MP: 7/30
 13167 | D:11     | Found a frozen archway.
 13305 | IceCv    | Entered an ice cave
 13503 | IceCv    | Offered knowledge of Iskenderun's Mystic Blast by Vehumet.
 13503 | IceCv    | Reached skill level 14 in Spellcasting
 14001 | IceCv    | Reached skill level 15 in Spellcasting
 14278 | IceCv    | Reached **** piety under Vehumet
 14420 | IceCv    | Noticed a frost giant
 14429 | IceCv    | HP: 3/61 [frost giant/bolt of cold (58)]
 14438 | IceCv    | Killed from afar by a frost giant

Illustrated notes

Levels and vault maps discovered:
D:1:      lightli_arrival_farm, layout_loops_ring, minmay_liquid_box
D:2:      layout_loops_corners, first_ration, fedhas_altar_2, uniq_terence
D:3:      layout_rooms, chequers_serial_rivers_micro_e, tgw_trog, uniq_ijyb
D:4:      layout_basic, serial_shops, nicolae_shop_trees, led_xom_imps
D:5:      layout_basic, serial_shops, shop, portal_sewer_entry_a, uniq_grinder
D:6:      layout_rooms, minmay_temple_entry_statues_fountains, uniq_edmund
D:7:      layout_basic, grunt_temple_overflow_open,
          amethyst_overflow_temple_binary
D:8:      layout_rooms, serial_ice, serial_ice_b, serial_ice_d, serial_ice_j,
          serial_ice_h, serial_ice_e, serial_ice_m, serial_ice_o, serial_ice_n,
          the_bakery, minivault_11, eino_small_chamber_without_monster,
          chequers_serial_rivers_room_b, kennysheep_kite_vault, uniq_harold
D:9:      layout_gridville, basic_altar, serial_shops, shop,
          grunt_decor_fettered, minmay_misc_feat_rows,
          chequers_serial_rivers_large_a, hangedman_ru_absence
D:10:     layout_roguey, lair_entry_dummy, minivault_26
D:11:     kennysheep_big_flooded_room, layout_irregular_city, erik_orc_1,
          serial_ice, serial_ice_h, serial_ice_m, serial_ice_g, serial_ice_a,
          portal_ice_cave_rime, gammafunk_ghost_stat_death
Temple:   nicolae_temple_elliptical
IceCv:    ice_cave_caverns_03

Skill      XL: |  1  2  3  4  5  6  7  8  9 10 11 |
---------------+----------------------------------+-----
Stealth        | 3 |  3.0
Dodging        | 3 |  3.0
Spellcasting   | 4 5 6 7 9 11 13 15 | 15.9
Earth Magic    | 4 5 6 8 9 11 12 | 12.0
Conjurations   | 1 2 3 4 5 6 |  6.0
Short Blades   | 1 |  1.0
Armour         | 1 2 3 4 |  4.0
Fighting       | 2 4 |  4.0
Transmutations | |  1.1

Action                   |  1- 3 |  4- 6 |  7- 9 | 10-12 || total
-------------------------+-------+-------+-------+-------++-------
Melee: Dagger            |    14 |    52 |    47 |     5 ||   118
       Mace              |     1 |       |       |       ||     1
 Cast: Sandblast         |    41 |    49 |    68 |    94 ||   252
       Stone Arrow       |       |    41 |    81 |   102 ||   224
       Lee's Rapid Decon |       |       |     6 |    32 ||    38
       Petrify           |       |       |       |     6 ||     6
  Use: Potion            |       |     3 |     5 |     2 ||    10
       Scroll            |       |       |    15 |     1 ||    16
 Stab: Sleeping          |     2 |     4 |     1 |       ||     7
  Eat: Chunk             |     2 |    10 |    13 |    14 ||    39
       Ration            |       |       |     1 |     1 ||     2
Armor: Robe              |     5 |     5 |       |       ||    10
       Skin              |       |    22 |       |       ||    22
       Leather armour    |       |     5 |    22 |    30 ||    57
       Chain mail        |       |       |    41 |       ||    41
Dodge: Dodged            |    17 |    28 |    45 |    72 ||   162
